 Dungeon Crawl Stone Soup version 0.22.0-60-ga52c2fc (webtiles) character file.

23 Anon1729 the Chopper (level 3, -1/32 HPs)
             Began as a Naga Gladiator on Sept 9, 2018.
             Slain by a goblin (2 damage)
             ... on level 1 of the Dungeon.
             The game lasted 00:01:49 (983 turns).

Anon1729 the Chopper (Naga Gladiator)                Turns: 983, Time: 00:01:50

Health: -1/32      AC:  3    Str: 16    XL:     3   Next: 0%
Magic:  3/3        EV: 10    Int:  9    God:
Gold:   94         SH:  0    Dex: 12    Spells: 2/2 levels left

rFire    . . .     SeeInvis +   a - +0 war axe
rCold    . . .     Gourm    .   (no shield)
rNeg     . . .     Faith    .   b - +0 leather armour
rPois    +         Spirit   .   c - +0 helmet
rElec    .         Reflect  .   (no cloak)
rCorr    .         Harm     .   (no gloves)
MR       .....                  (no barding)
Stlth    +.........             (no amulet)
HPRegen  0.10/turn              (no ring)
MPRegen  0.08/turn              (no ring)

@: short of breath, very slow
A: large, see invisible, deformed body, poison resistance, slowness 2, slow
metabolism 1, spit poison 1, AC +1
a: Spit Poison


You were on level 1 of the Dungeon.
You were not hungry.

You visited 1 branch of the dungeon, and saw 2 of its levels.

You collected 94 gold pieces.

Inventory:

Hand Weapons
 a - a +0 war axe (weapon)
Missiles
 d - 2 throwing nets
 i - 3 tomahawks (quivered)
Armour
 b - a +0 leather armour (worn)
 c - a +0 helmet (worn)
Scrolls
 e - a scroll of enchant armour {unknown}
 g - a scroll of teleportation {unknown}
 h - a scroll of identify {unknown}
 l - a scroll of blinking {unknown}
 m - a scroll of enchant weapon {unknown}
 n - a scroll of remove curse {unknown}
Potions
 j - a potion of haste {unknown}
 k - a potion of lignification {unknown}
Comestibles
 f - 2 rations


   Skills:
 + Level 2.3 Fighting
 * Level 3.5 Axes
 - Level 2.0 Throwing
 + Level 2.6 Dodging


You had 2 spell levels left.
You didn't know any spells.
Your spell library was empty.

Dungeon Overview and Level Annotations

Branches:
Dungeon (2/15)

Altars:


Innate Abilities, Weirdness & Mutations

You cannot wear boots.
Your serpentine skin is tough. (AC +1)
You have supernaturally acute eyesight. (SInv)
Armour fits poorly on your strangely shaped body.
Your system is resistant to poisons. (rPois)
You cover ground very slowly.
You have a slow metabolism.
You can spit poison.


Message History

You kill the hobgoblin!
You have reached level 3!
Your experience leads to an increase in your attributes!
Increase (S)trength, (I)ntelligence, or (D)exterity?
You feel clever.
Your skin feels tougher.
You closely miss the hobgoblin. You completely miss the goblin.
You have got your breath back.
The goblin hits you but does no damage. The hobgoblin hits you.
* * * LOW HITPOINT WARNING * * *
The goblin hits you.
* * * LOW HITPOINT WARNING * * *
The hobgoblin closely misses you.
Unknown command.
Press: ? - help, Shift-Dir - straight line, f - hobgoblin
Aim: a hobgoblin The splash of poison hits the hobgoblin.
The hobgoblin is poisoned.
The hobgoblin is lightly wounded.
You feel slightly more hungry. The goblin hits you.
You die...

####.##.#.#####'#+#..#.#.......#
#.##.#....).......#.#..###..#
#.##.#.........#..#.#..# #..#
#.##)######.......#.#..# #...
#.##.#....#..####.#.#..# ##..
#.##.#.##.#..##...#.#..# #...
#.##.#.##.#..##.#'#.#..# #...
#....#.##.#..##.....#..# #...
######.##.#.@g.........###..#
#.##..g........#.......#
#.###...#.##...##..###.#
#..................#.... ######
#.#.....##########...#.#
#....#########..#...............
#....##.........#.#########..#.#
#....##.#######.#.# #.....
#....##.........#.# ##.#.#


You could see a hobgoblin and a goblin.

Vanquished Creatures
  2 dart slugs (D:1)
  2 giant cockroaches (D:1)
  A goblin (D:1)
  5 hobgoblins
  2 frilled lizards (D:1)
  8 rats (D:1)
20 creatures vanquished.

Notes
Turn   | Place    | Note
-------+----------+-------------------------------------------
     0 | D:1      | Anon1729 the Naga Gladiator began the quest for the Orb.
     0 | D:1      | Reached XP level 1. HP: 19/19 MP: 1/1
   143 | D:1      | Reached XP level 2. HP: 26/26 MP: 2/2
   982 | D:1      | Reached XP level 3. HP: 6/32 MP: 3/3
   982 | D:1      | HP: 1/32 [goblin (1)]
   983 | D:1      | Slain by a goblin

Skill      XL: |  1  2 |
---------------+-------+-----
Throwing       | 2 |  2.0
Fighting       | |  2.3
Axes           | |  3.5
Dodging        | |  2.6

Action                   || total
-------------------------++-------
Melee: War axe           ||    45
Throw: Tomahawk          ||    17
       Throwing net      ||     3
 Abil: Spit Poison       ||     4
Armor: Leather armour    ||    22
Dodge: Dodged            ||    36
